 Dungeon Crawl Stone Soup version 0.28-a0-1510-gd0f6b136d3 (webtiles) character file.

Game seed: 8759307402886425301

76 comborobin the Skirmisher (level 4, 0/60 HPs)
             Began as a Minotaur Delver on Jan 14, 2022.
             Slain by a water moccasin (5 damage)
             ... on level 5 of the Dungeon.
             The game lasted 00:01:37 (790 turns).

comborobin the Skirmisher (Minotaur Delver)          Turns: 790, Time: 00:01:37

Health: 0/60       AC: 22    Str: 16    XL:     4   Next: 12%
Magic:  3/3        EV:  2    Int:  7    God:
Gold:   0          SH:  0    Dex: 14    Spells: 3/3 levels left

rFire   . . .      SeeInvis .   a - +0 hand axe
rCold   . . .      Faith    .   (no shield)
rNeg    . . .      Spirit   .   (armour currently unavailable)
rPois   +          Reflect  .   (helmet currently unavailable)
rElec   .          Harm     .   (cloak currently unavailable)
rCorr   .          Rampage  .   (gloves currently unavailable)
Will    .....      NoTele   +   (boots currently unavailable)
Stlth   +++.......              (no amulet)
HPRegen 0.20/turn               (no ring)
MPRegen 0.08/turn               (no ring)

@: lethally poisoned (0 -> -5), tree-form
A: stationary, stasis, torment immunity, boosted hp, (horns 2), (retaliatory
headbutt)
a: no special abilities


You were on level 5 of the Dungeon.
You were a tree.
You visited 1 branch of the dungeon, and saw 2 of its levels.

Inventory:

Hand Weapons
 a - a +0 hand axe (weapon)
Armour
 b - a +0 leather armour (melded)
 f - a scarf of repulsion
Wands
 g - a wand of digging (1)
Scrolls
 c - a scroll of teleportation {unknown}
 d - a scroll of magic mapping


   Skills:
 + Level 4.2 Fighting
 * Level 3.9 Axes
 + Level 1.8 Armour
 + Level 2.9 Dodging
 - Level 4.1 Stealth


You had 3 spell levels left.
You didn't know any spells.
Your spell library contained the following spells:

 Spells                   Type           Power      Damage    Failure   Level
 Ensorcelled Hibernation  Hex/Ice        0%         N/A       56%         2
 Passwall                 Tmut/Erth      0%         N/A       56%         2
 Swiftness                Air            0%         N/A       80%         3


Dungeon Overview and Level Annotations

Branches:
Dungeon (5/15)
 Temple: D:4-7

Altars:
Elyvilon

Annotations:
D:4 Robin
D:5 Menkaure


Innate Abilities, Weirdness & Mutations

You are a tree.
Your roots penetrate the ground, keeping you stationary.
You cannot be teleported.
You are immune to unholy pain and torment.
Your maximum health is greatly increased.
Your equipment is partially melded.
((You have a pair of horns on your head.))
((You reflexively headbutt those who attack you in melee.))


Message History

You feel very sick.
The water moccasin bites you but does no damage.
Okay, then.
Okay, then.
Unknown command.
You hit the water moccasin.
The water moccasin is heavily wounded.
You feel very sick. The water moccasin bites you.
* * * LOW HITPOINT WARNING * * *
An orc wizard comes into view.
It is wielding a +0 dagger and wearing a +1 robe of willpower.
The water moccasin bites you but does no damage.
Unknown command.
You miss the water moccasin.
The water moccasin is heavily wounded.
* * * LOW HITPOINT WARNING * * *
You feel very sick. The water moccasin bites you.
* * * LOW HITPOINT WARNING * * *
The water moccasin barely misses you.
You completely miss the water moccasin.
The water moccasin is heavily wounded.
* * * LOW HITPOINT WARNING * * *
You feel very sick.
The howler monkey hoots and howls with incredible vigour!
The water moccasin bites you but does no damage.
The orc wizard casts a spell.
The orc wizard flickers and vanishes!
Deactivating autopickup; reactivate with Ctrl-A.
You slash the water moccasin!
The water moccasin is severely wounded.
You feel sick. The water moccasin bites you.
* * * LOW HITPOINT WARNING * * *
The water moccasin completely misses you.
Unknown command.
You barely miss the water moccasin.
The water moccasin is severely wounded.
* * * LOW HITPOINT WARNING * * *
You feel sick. The water moccasin bites you.
You die...

. ## ###. .. # #!#.# .#
.##.#.# #. ##..#.#.# .###
..#.#{#.#).[#
#.###..#.#h#..### #....
#.#.#S##........ #..#.
#.#.#♣#.#...... ##..
.###...###......# ##..#
#...#.#...# #..#
#...###.#.#.#.#.###..# ...#
#..##...###...##..# ...###
#<................# #....#
#....#####......#.######....#
####.# #..................#
#># #......####.###.....


You could see a water moccasin and a howler monkey (catching breath).

Vanquished Creatures
  2 hounds
  A white imp (D:5)
  A dart slug (D:4)
  An orc (D:5)
  2 hobgoblins
  A quokka (D:4)
  2 goblins
10 creatures vanquished.

Notes
Turn   | Place    | Note
-------+----------+-------------------------------------------
     0 | D:5      | comborobin the Minotaur Delver began the quest for the Orb.
     0 | D:5      | Reached XP level 1. HP: 19/19 MP: 0/0
    18 | D:5      | Noticed Menkaure
    49 | D:5      | Noticed a hound
    75 | D:4      | Noticed a hound
    75 | D:4      | Noticed an iguana
    97 | D:4      | Killed a hound
    98 | D:4      | Reached skill level 1 in Armour
    98 | D:4      | Reached XP level 2. HP: 11/27 MP: 1/1
    98 | D:4      | Reached XP level 3. HP: 13/33 MP: 2/2
   338 | D:4      | Found a white marble altar of Elyvilon.
   342 | D:4      | Identified the +2 helmet "Hoinynaet" {-Cast +Blink rPois}
   342 | D:4      | Noticed Robin
   595 | D:5      | Reached XP level 4. HP: 16/40 MP: 3/3
   775 | D:5      | Noticed a water moccasin
   790 | D:5      | Slain by a water moccasin

Illustrated notes

Levels and vault maps discovered:
D:4:      kennysheep_slugbush, layout_rooms, elyvilon_altar_5,
          mainiacjoe_overflow_cross_hatched,
          nicolae_concentric_dashed_squares_mild, uniq_robin
D:5:      layout_basic, minmay_starry_boxes, uniq_menkaure

Skill      XL: |  1 |
---------------+----+-----
Fighting       | 4 |  4.2
Axes           | 3 |  3.9
Armour         | 1 |  1.8
Dodging        | |  2.9
Stealth        | |  4.1

Action                   |  1- 3 |  4- 6 || total
-------------------------+-------+-------++-------
Melee: Hand axe          |    29 |     9 ||    38
       Headbutt          |     2 |       ||     2
       Punch             |     1 |       ||     1
Evoke: Wand              |     2 |       ||     2
  Use: Scroll            |     2 |       ||     2
       Potion            |     1 |     1 ||     2
 Stab: Sleeping          |     1 |     1 ||     2
       Fleeing           |     1 |       ||     1
Armor: Leather armour    |     8 |       ||     8
       Skin              |       |     3 ||     3
Dodge: Dodged            |    28 |     4 ||    32

Table legend: (Time is in decaauts)
 A = Elapsed time spent in this place.
 B = Non-inter-level travel time spent in this place.
 C = Inter-level travel time spent in this place.
 D = Time resting spent in this place.
 E = Time spent auto-exploring this place.
 F = Levels seen in this place.
 G = Mean time per level.
                   A        B        C        D        E       F      G
               +--------+--------+--------+--------+--------+-----+--------+
         Total |    779 |    779 |      0 |    428 |    127 |   2 |  389.5 |
       Dungeon |    779 |    779 |      0 |    428 |    127 |   2 |  389.5 |
               +--------+--------+--------+--------+--------+-----+--------+

Top non-repeatable levels by time:
     D:5: 492 daAuts
     D:4: 287 daAuts
